 Dungeon Crawl Stone Soup version 0.18.1-50-g88ac8fd (webtiles) character file.

184 magog001 the Sneak (level 5, 0/31 HPs)
             Began as a Tengu Assassin on Sept 17, 2018.
             Succumbed to a worker ant's poison
             ... on level 3 of the Dungeon on Sept 18, 2018.
             The game lasted 00:21:58 (4029 turns).

magog001 the Sneak (Tengu Assassin)                 Turns: 4029, Time: 00:21:59

Health: 0/31       AC:  4    Str: 12    XL:     5   Next: 63%
Magic:  6/6        EV: 13    Int: 11    God:
Gold:   197        SH:  0    Dex: 16    Spells: 0 memorised, 4 levels left

rFire  . . .     SeeInvis .     a - +2 dagger
rCold  . . .     Gourm    .     z - +0 robe (curse)
rNeg   + . .     Faith    .     (no shield)
rPois  .         Spirit   .     (helmet restricted)
rElec  .         Dismiss  .     d - +1 cloak
rCorr  .         Reflect  .     (no gloves)
SustAt .         Harm     .     (boots unavailable)
MR     .....                    (no amulet)
Stlth  +++.......               (no ring)
                                y - ring of positive energy

@: lethally poisoned (0 -> -16), not resistant to hostile enchantments, fairly
stealthy
A: beak, talons 3, able to fly 1
a: Fly


You were on level 3 of the Dungeon.
You were not hungry.

You visited 1 branch of the dungeon, and saw 4 of its levels.

You collected 197 gold pieces.

Inventory:

Hand Weapons
 a - a +2 dagger (weapon)
 b - a +0 blowgun
 m - a +0 hand axe of flaming
Missiles
 e - 36 poisoned needles
 f - a curare-tipped needle
 j - 31 sling bullets
 l - 2 tomahawks (quivered)
Armour
 c - a +0 robe
 d - a +1 cloak (worn)
 w - a +0 leather armour
 z - a cursed +0 robe (worn)
Jewellery
 y - a ring of positive energy (left hand)
Wands
 r - a wand of acid (11/15)
Scrolls
 n - a scroll of amnesia
 o - 2 scrolls of teleportation
 q - 4 scrolls of remove curse
 s - 4 scrolls of fog
Potions
 h - a potion of cancellation
 i - a potion of flight {unknown}
 k - a potion of magic {unknown}
 p - a potion of brilliance
 t - a potion of haste
 u - a potion of curing {unknown}
 x - a potion of agility {unknown}
Comestibles
 g - 2 bread rations
 v - 5 chunks of flesh


   Skills:
 * Level 2.6 Fighting
 * Level 2.6 Short Blades
 - Level 2.3 Throwing
 * Level 3.3 Dodging
 * Level 5.5 Stealth


You had 4 spell levels left.
You didn't know any spells.

Dungeon Overview and Level Annotations

Branches:
Dungeon (4/15)
 Temple: D:4-7

Altars:
Ashenzari
Dithmenos
Makhleb
Sif Muna

Annotations:
D:4 Sigmund; magog001's ghost, amateur HOFi


Innate Abilities, Weirdness & Mutations

You have a beak for a mouth.
You have claws for feet.
You can fly.


Message History

You hit the worker ant but do no damage.
You claw the worker ant.
The worker ant is moderately wounded.
* * * LOW HITPOINT WARNING * * *
You feel sick. The worker ant misses you.
You hit the worker ant but do no damage.
Your kick misses the worker ant. Your peck misses the worker ant.
The worker ant is moderately wounded.
* * * LOW HITPOINT WARNING * * *
You feel sick. The worker ant bites you.
* * * LOW HITPOINT WARNING * * *
You hit the worker ant but do no damage.
Your kick misses the worker ant.
You peck the worker ant, but do no damage.
The worker ant is moderately wounded.
* * * LOW HITPOINT WARNING * * *
You feel sick. The worker ant closely misses you.
Drink which item? (? for menu, Esc to quit)
It was a potion of cancellation.
You feel magically purged.
You die...

##################
#@a....(.........(
#.###.......#####(
#.# #.......# #.
###'###.......# #.
#.....#.......#####.
#.....'.......'.....
#.....#.......#####.
#.....#.......# #.
#.....#.......# #.


You could see a worker ant.

Vanquished Creatures
  A hound (D:2)
  A worker ant (D:4)
  2 howler monkey skeletons
  3 adders
  5 worms
  A dart slug (D:2)
  2 giant geckos
  2 ball pythons
  5 bats
  3 giant cockroaches
  4 goblins
  8 hobgoblins
  6 jackals
  4 quokkas (D:3)
  3 giant newts
  7 kobolds
  9 rats
66 creatures vanquished.

Notes
Turn   | Place    | Note
--------------------------------------------------------------
     0 | D:1      | magog001 the Tengu Assassin began the quest for the Orb.
     0 | D:1      | Reached XP level 1. HP: 12/12 MP: 2/2
   217 | D:1      | Reached XP level 2. HP: 17/17 MP: 3/3
   947 | D:2      | Reached XP level 3. HP: 5/21 MP: 4/4
  2086 | D:2      | Found a shadowy altar of Dithmenos.
  2128 | D:2      | Reached XP level 4. HP: 27/27 MP: 5/5
  2147 | D:2      | Reached skill level 5 in Stealth
  2387 | D:2      | Found a burning altar of Makhleb.
  3107 | D:3      | Gained mutation: You can fly. [Tengu growth]
  3107 | D:3      | Reached XP level 5. HP: 22/31 MP: 6/6
  3354 | D:3      | Found a deep blue altar of Sif Muna.
  3894 | D:4      | Found a shattered altar of Ashenzari.
  3952 | D:4      | Noticed an eye of draining
  4002 | D:4      | Noticed Sigmund
  4017 | D:4      | Noticed magog001's ghost (amateur HOFi)
  4029 | D:3      | Succumbed to a worker ant's poison

Skill      XL: |  1  2  3  4  5 |
---------------+----------------+-----
Dodging        | 2 3 |  3.3
Stealth        | 5 |  5.5
Fighting       | |  2.6
Short Blades   | |  2.6
Throwing       | |  2.3

Action                   |  1- 3 |  4- 6 || total
-------------------------+-------+-------++-------
Melee: Dagger            |    47 |    74 ||   121
       Kick              |     7 |    25 ||    32
       Peck              |     3 |    15 ||    18
 Fire: Blowgun           |    47 |    58 ||   105
  Use: Potion            |     2 |     1 ||     3
       Scroll            |       |     7 ||     7
 Stab: Sleeping          |     8 |     5 ||    13
  Eat: Chunk             |     3 |     2 ||     5
       Bread ration      |       |     1 ||     1
Armor: Robe              |    21 |    36 ||    57
Dodge: Dodged            |    36 |    60 ||    96
